Map: [ESL] Moondance

Players

Killermonjas

  • Race: Protoss Protoss
  • Spawn Location: 6:00

NightPhoenix - Winner!

  • Race: Protoss Protoss
  • Spawn Location: 12:00

Event: DreamHack SC2 Masters 2022 Valencia

VOD

Have the link to the VOD?

Description

Time

  • Played on: July 1, 2022, 6:15 a.m.
  • Length: 7:54

All games in this series

Show
View Real Time Build Order
Export as new Build Order

Killermonjas Protoss 

Build Orders:  

Get SALT Encoding   

  12  0:00  Probe  
  13  0:12  Probe  
  14  0:16  Pylon  
  14  0:24  Probe (Chrono Boost)  
  15  0:35  Gateway  
  15  0:36  Probe (Chrono Boost)  
  16  0:45  Probe (Chrono Boost)  
  16  0:46  Assimilator  
  17  0:51  Assimilator  
  17  0:53  Probe  
  18  1:05  Probe  
  18  1:10  Gateway  
  19  1:18  Probe  
  20  1:23  Cybernetics Core  
  20  1:30  Probe  
  21  1:35  Pylon  
  21  1:42  Probe  
  23  1:54  Probe  
  23  2:05  Robotics Facility  
  23  2:06  Probe  
  28  2:19  Stalker  
  28  2:21  Warp Gate (Chrono Boost)  
  28  2:25  Adept  
  28  2:38  Pylon  
  28  2:39  Probe  
  29  2:51  Adept  
  31  2:56  Probe  
  31  3:10  Immortal (Chrono Boost)  
  31  3:11  Probe  
  32  3:23  Probe  
  33  3:35  Probe  
  33  3:40  Warp Prism (Chrono Boost)  
  34  3:47  Probe  
  36  4:03  Stalker  
  36  4:07  Pylon  
  36  4:30  Stalker  
  38  4:33  Nexus  
  38  4:37  Sentry  
  35  4:50  Shield Battery  
  35  4:54  Stalker  
  37  5:01  Pylon  
  37  5:09  Stalker  
  35  5:16  Immortal (Chrono Boost)  
  39  5:27  Nexus  
  37  5:36  Probe  
  37  5:38  Twilight Council  
  38  5:43  Pylon  
  38  5:58  Adept x2  
  40  6:21  Warp Prism (Chrono Boost)  
  40  6:26  Stalker  
  40  6:27  Sentry  
  44  6:37  Probe  
  45  7:05  Nexus  
  40  7:18  Stalker  
  40  7:22  Stalker  
  33  7:40  Sentry  
Show
View Real Time Build Order
Export as new Build Order

NightPhoenix Protoss - Winner!

Build Orders:  

Get SALT Encoding   

  12  0:00  Probe  
  13  0:12  Probe  
  14  0:17  Pylon  
  14  0:24  Probe (Chrono Boost)  
  15  0:36  Probe (Chrono Boost), Gateway  
  16  0:44  Probe (Chrono Boost)  
  16  0:46  Assimilator  
  17  0:50  Probe  
  17  0:53  Assimilator  
  18  1:03  Probe (Chrono Boost)  
  19  1:07  Gateway  
  19  1:13  Probe (Chrono Boost)  
  20  1:18  Probe (Chrono Boost)  
  20  1:23  Cybernetics Core  
  21  1:29  Probe  
  22  1:32  Pylon  
  22  1:41  Probe  
  24  2:00  Adept x2  
  24  2:01  Warp Gate  
  28  2:07  Robotics Facility  
  27  2:17  Pylon  
  27  2:30  Stalker x2  
  31  2:38  Gateway  
  31  2:52  Immortal (Chrono Boost)  
  34  3:17  Stalker x2  
  38  3:20  Pylon  
  38  3:24  Observer (Chrono Boost)  
  39  3:39  Warp Prism  
  41  3:53  Stalker  
  43  3:55  Stalker  
  43  3:57  Stalker  
  47  4:05  Pylon  
  43  4:19  Observer (Chrono Boost)  
  43  4:20  Stalker  
  46  4:25  Stalker  
  48  4:35  Stalker  
  46  4:55  Stalker  
  46  4:56  Stalker  
  46  4:59  Stalker  
  38  5:25  Nexus  
  38  5:32  Sentry  
  40  5:35  Adept x2  
  44  5:56  Stalker x2  
  48  5:57  Sentry  
  50  6:05  Pylon  
  48  6:20  Stalker, Sentry  
  48  6:22  Zealot  
  54  6:31  Probe  
  55  6:45  Adept x2  
  55  6:46  Probe x2 (Chrono Boost)  
  61  6:57  Stalker  
  61  6:58  Probe (Chrono Boost)  
  61  6:59  Probe (Chrono Boost)  
  61  7:10  Stalker  
  61  7:12  Stalker  
  59  7:32  Stalker  
  59  7:36  Stalker x2  

Tags
 
Add a new tag
Caveats
  • Supply blocks, unpowered buildings, or Contaminate may cause inaccurate times.
  • Supply counts are checked every 10 seconds.